 Dungeon Crawl Stone Soup version 0.18.1-8-gdd0e5ea (webtiles) character file.

98 mindo the Magician (level 4, -1/27 HPs)
             Began as a High Elf Fire Elementalist on June 10, 2016.
             Slain by Grinder (7 damage)
             ... on level 3 of the Dungeon.
             The game lasted 00:19:35 (2424 turns).

mindo the Magician (High Elf Fire Elementalist)     Turns: 2424, Time: 00:19:36

Health: -1/27      AC:  2    Str:  7    XL:     4   Next: 43%
Magic:  5/12       EV: 13    Int: 19    God:
Gold:   65         SH:  0    Dex: 16    Spells: 3 memorised, 5 levels left

rFire  . . .     SeeInvis .     e - +1 short sword
rCold  . . .     Gourm    .     a - +0 robe
rNeg   . . .     Faith    .     (no shield)
rPois  .         Spirit   .     (no helmet)
rElec  .         Dismiss  .     (no cloak)
rCorr  .         Reflect  .     (no gloves)
SustAt .         Harm     .     (no boots)
MR     .....                    (no amulet)
Stlth  ++........               (no ring)
                                (no ring)

@: very slightly contaminated, not resistant to hostile enchantments, unstealthy
A: no striking features
a: no special abilities


You were on level 3 of the Dungeon.
You were hungry.

You visited 1 branch of the dungeon, and saw 4 of its levels.

You collected 65 gold pieces.

Inventory:

Hand Weapons
 d - a +1 hunting sling of flaming
 e - a +1 short sword (weapon)
 r - a cursed -3 dagger
Armour
 a - a +0 robe (worn)
 n - a cursed +0 scale mail
 q - a +1 plate armour of fire resistance
Scrolls
 h - a scroll of remove curse
 j - a scroll of identify {unknown}
Potions
 f - a potion of curing {unknown}
 i - a potion of cancellation {unknown}
 k - a potion of resistance {unknown}
 l - a potion of lignification {unknown}
 m - a potion of haste {unknown}
 o - a potion of heal wounds {unknown}
 p - a potion of agility {unknown}
 s - a potion of mutation {unknown}
Books
 b - a book of Flames

   Spells                             Type                      Level
   a - Flame Tongue                   Conjuration/Fire             1
   b - Throw Flame                    Conjuration/Fire             2
   c - Conjure Flame                  Conjuration/Fire             3
   d - Inner Flame                    Hexes/Fire                   3
   e - Sticky Flame                   Conjuration/Fire             4
   f - Fireball                       Conjuration/Fire             5
Comestibles
 c - 2 bread rations
 t - a meat ration


   Skills:
 - Level 0.6 Fighting
 - Level 2.1 Dodging
 + Level 2.2 Stealth
 * Level 5.1 Spellcasting
 - Level 1.1 Conjurations
 * Level 3.0 Fire Magic


You had 5 spell levels left.
You knew the following spells:

 Your Spells              Type           Power        Failure   Level  Hunger
a - Flame Tongue          Conj/Fire      ##...        8%          1    None
b - Conjure Flame         Conj/Fire      ##......     17%         3    ##.....
c - Sticky Flame          Conj/Fire      ##......     63%         4    ####...


Dungeon Overview and Level Annotations

Branches:
Dungeon (4/15)
 Temple: D:4-7

Altars:
Qazlal

Annotations:
D:3 Grinder, Natasha


Message History

Confirm with . or Enter, or press ? or * to list all spells.
Aiming: Flame Tongue
Press: ? - help, Shift-Dir - straight line, f/p - Grinder
Aim: Grinder (lightly wounded)
The flame tongue hits Grinder.
Grinder is moderately wounded.
Grinder closely misses you.
You hit Grinder but do no damage.
Grinder is moderately wounded.
Grinder hits you.
You writhe in agony.
* * * LOW HITPOINT WARNING * * *
As you read the scroll labeled SIRCHI KAN USY, it crumbles to dust.
It is a scroll of amnesia.
Forget which spell ([?*] list [ESC] exit)?
Forget which spell ([?*] list [ESC] exit)?
You don't know that spell.
Forget which spell ([?*] list [ESC] exit)?
Okay, then.
Grinder hits you!
You die...

. ...#..#####
#...### #.
.........
.......
#.##.#....####
#......
.#.?#.#†#$.....
.......
...............
......#
######..........
......
#....<..........
.....
#.####..........
.....
#......@5.......
....
#######......[..
..#. ..........
###########


You could see Grinder.

Vanquished Creatures
  A gnoll (D:3)
  3 adders
  An ooze (D:2)
  A worm (D:2)
  2 dart slugs
  2 giant geckos (D:2)
  5 bats
  2 giant cockroaches (D:1)
  3 goblins (D:1)
  4 hobgoblins
  7 jackals
  A ball python (D:2)
  A giant newt (D:1)
  7 kobolds
  10 rats
50 creatures vanquished.

Notes
Turn   | Place    | Note
--------------------------------------------------------------
     0 | D:1      | mindo the High Elf Fire Elementalist began the quest for the Orb.
     0 | D:1      | Reached XP level 1. HP: 11/11 MP: 4/4
   217 | D:1      | Reached skill level 3 in Spellcasting
   247 | D:1      | Reached XP level 2. HP: 17/17 MP: 0/7
  1114 | D:2      | Reached skill level 4 in Spellcasting
  1114 | D:2      | Reached XP level 3. HP: 21/21 MP: 4/9
  1119 | D:2      | Learned a level 3 spell: Conjure Flame
  1710 | D:2      | Reached XP level 4. HP: 27/27 MP: 3/11
  1820 | D:2      | Found a stormy altar of Qazlal.
  1941 | D:3      | Noticed Natasha
  2282 | D:3      | Learned a level 4 spell: Sticky Flame
  2319 | D:3      | Reached skill level 5 in Spellcasting
  2406 | D:3      | Noticed Grinder
  2412 | D:3      | Paralysed by Grinder for 5 turns
  2424 | D:3      | Slain by Grinder

Skill      XL: |  1  2  3  4 |
---------------+-------------+-----
Spellcasting   | 3 4 5 |  5.1
Fighting       | |  0.6
Dodging        | |  2.1
Stealth        | |  2.2
Conjurations   | |  1.1
Fire Magic     | |  3.0

Action                   |  1- 3 |  4- 6 || total
-------------------------+-------+-------++-------
Melee: Short sword       |     7 |     6 ||    13
 Cast: Flame Tongue      |    69 |    27 ||    96
       Conjure Flame     |     2 |     5 ||     7
  Use: Scroll            |       |     6 ||     6
  Eat: Bread ration      |     1 |       ||     1
Armor: Robe              |     9 |     4 ||    13
Dodge: Dodged            |    28 |    19 ||    47
